 Dungeon Crawl Stone Soup version 0.19.1-1-g22dce08 (webtiles) character file.

3446 HrabiaJulian the Markscentaur (level 9, -1/67 HPs)
             Began as a Centaur Hunter on Dec 30, 2016.
             Was a Priest of Hepliaklqana.
             Slain by a killer bee (2 damage)
             ... on level 7 of the Dungeon.
             The game lasted 01:08:34 (8801 turns).

HrabiaJulian the Markscentaur (Centaur Hunter)      Turns: 8801, Time: 01:08:35

Health: -1/67      AC: 11    Str: 15    XL:     9   Next: 77%
Magic:  9/9        EV:  2    Int: 10    God:    Hepliaklqana [***...]
Gold:   274        SH:  0    Dex: 13    Spells: 1 memorised, 6 levels left

rFire  + . .     SeeInvis .     a - +2 shortbow
rCold  . . .     Gourm    .     t - +0 plate armour
rNeg   . . .     Faith    .     (shield currently unavailable)
rPois  .         Spirit   .     y - +0 helmet
rElec  .         Reflect  .     r - +1 cloak
rCorr  .         Harm     .     (no gloves)
MR     .....                    (no barding)
Stlth  ..........               b - amulet of regeneration
                                (no ring)
                                e - ring of protection from fire

@: lethally poisoned (-1 -> -1), very quick
A: reduced essence, hooves 3, deformed body, speed 2, tough skin 3
a: Recall Ancestor, Ancestor Identity, Transference, Renounce Religion


You were on level 7 of the Dungeon.
You worshipped Hepliaklqana.
Hepliaklqana was most pleased with you.
You were hungry.

You visited 1 branch of the dungeon, and saw 7 of its levels.

You collected 274 gold pieces.

Inventory:

Hand Weapons
 a - a +2 shortbow (weapon)
 g - a +2 whip of electrocution
 x - a +0 trident
Missiles
 d - 43 arrows (quivered)
Armour
 r - a +1 cloak (worn)
 t - a +0 plate armour (worn)
 y - a +0 helmet (worn)
Jewellery
 b - an amulet of regeneration (around neck)
 e - a ring of protection from fire (left hand)
 h - an uncursed amulet of harm
 o - an uncursed amulet of guardian spirit
 G - an uncursed ring of flight {unknown}
Wands
 v - a wand of iceblast (6/15)
 D - a wand of lightning (5/15)
 J - a wand of disintegration (11/24)
 M - a wand of lightning (11/15)
Scrolls
 j - 3 scrolls of fog
 l - 4 scrolls of remove curse
 m - a scroll of enchant weapon
 q - 2 scrolls of identify
 A - a scroll of fear {unknown}
 C - a scroll of enchant armour
 E - a scroll of magic mapping
 K - a scroll of recharging
 N - a scroll of noise {unknown}
Potions
 c - a potion of invisibility {unknown}
 k - a potion of brilliance {unknown}
 p - 3 potions of resistance
 s - a potion of agility {unknown}
 u - a potion of magic {unknown}
 I - a potion of degeneration {unknown}
Books
 B - a book of Minor Magic

   Spells                             Type                      Level
   a - Magic Dart                     Conjuration                  1
   b - Blink                          Translocation                2
   c - Call Imp                       Summoning                    2
   d - Repel Missiles                 Charms/Air                   2
   e - Slow                           Hexes                        2
   f - Conjure Flame                  Conjuration/Fire             3
   g - Mephitic Cloud                 Conjuration/Poison/Air       3
Comestibles
 f - 9 bread rations
 n - 7 fruits
 w - 2 slices of pizza
 z - 3 meat rations
 F - a royal jelly
 H - 6 beef jerkies


   Skills:
 + Level 5.8 Fighting
 - Level 15.0 Bows
 - Level 1.3 Dodging
 - Level 0.4 Stealth
 + Level 4.9 Translocations


You had 6 spell levels left.
You knew the following spells:

 Your Spells              Type           Power        Failure   Level  Hunger
a - Blink                 Tloc           N/A          100%        2    ###....


Dungeon Overview and Level Annotations

Branches:
Dungeon (7/15)             Temple (0/1) D:7

Altars:
Cheibriados
Fedhas
Hepliaklqana
Qazlal
Sif Muna
Trog
The Shining One

Annotations:
D:7 1 runed door


Innate Abilities, Weirdness & Mutations

You have hooves in place of feet.
Armour fits poorly on your strangely shaped body.
You cover ground very quickly.
You have extremely tough skin. (AC +3)
Your life essence is reduced. (-10% HP)


Message History

* * * LOW HITPOINT WARNING * * *
You feel sick. The killer bee stings you.
* * * LOW HITPOINT WARNING * * *
You are more poisoned.
The killer bee poisons you!
You feel better.
The killer bee stings you but does no damage.
The killer bee stings you!
* * * LOW HITPOINT WARNING * * *
The killer bee stings you but does no damage. x2
The killer bee stings you.
* * * LOW HITPOINT WARNING * * *
The killer bee stings you.
* * * LOW HITPOINT WARNING * * *
You are poisoned.
The killer bee poisons you!
* * * LOW HITPOINT WARNING * * *
You feel sick. The killer bee stings you.
You die...

###.##.#.##.#####...# #^#.##
....##......# #...# #.....
##p......#### #...# ###.##
#.#####.# #...# #.# #.#####.#
#...# ####.## ##.##...y# #...#
#......
......##.########...#######.#####
.#..#.##.#.....y............#####
......(....y...y@...........##...
.##.......((...y........[........
.###.......######...#.#####.#.###
.###.......# #...#............
...........# #..####....######
####.......# #..#<.##...##.<#
#.......# #..#.).#...#...#
####.#### #..##.'#...#'.###
#######.# #...###...p.###..


You could see 4 killer bees.

Vanquished Creatures
  Pikel (D:7)
  A hungry ghost (D:4)
  3 soldier ants (D:7)
  An ice beast (D:5)
  A sky beast (D:5)
  An orc warrior (D:6)
  A necrophage (D:5)
  2 centaurs (D:6)
  3 bullfrogs (D:6)
  A scorpion (D:5)
  2 killer bees (D:7)
  2 crimson imps (D:5)
  2 hounds
  3 orc priests
  Crazy Yiuf (D:2)
  3 bullfrog skeletons
  A centaur skeleton (D:4)
  An iguana (D:5)
  2 orc wizards
  5 worker ants
  3 adders
  5 gnolls
  A shadow imp (D:5)
  An ooze (D:1)
  3 dart slugs
  5 leopard geckos
  18 orcs
  A ball python (D:2)
  3 giant cockroaches
  10 goblins
  9 hobgoblins
  8 jackals
  8 kobolds
  4 quokkas
  6 bats
  2 frilled lizards
  A jackal skeleton (D:6)
  A leopard gecko skeleton (D:5)
  11 rats
137 creatures vanquished.

Vanquished Creatures (collateral kills)
  A soldier ant (D:7)
  3 water moccasins (D:7)
  2 ogres
  3 killer bees (D:7)
  A crimson imp (D:5)
  3 orc wizards
  3 worker ants
  2 gnolls (D:4)
  3 adders
  A shadow imp (D:5)
  2 leopard geckos (D:3)
  7 orcs
  A bat (D:3)
  A giant cockroach (D:3)
  A goblin (D:3)
  A hobgoblin (D:4)
  3 jackals
  A leopard gecko skeleton (D:4)
  A quokka skeleton (D:5)
40 creatures vanquished.

Vanquished Creatures (others)
  2 knights (D:7)
  An adder (D:7)
  A shadow imp (D:7)
  5 ancestors
9 creatures vanquished.

Grand Total: 186 creatures vanquished

Notes
Turn   | Place    | Note
-------+----------+-------------------------------------------
     0 | D:1      | HrabiaJulian the Centaur Hunter began the quest for the Orb.
     0 | D:1      | Reached XP level 1. HP: 17/17 MP: 1/1
   334 | D:1      | Reached XP level 2. HP: 19/24 MP: 2/2
   430 | D:1      | Reached skill level 6 in Bows
   914 | D:1      | Reached XP level 3. HP: 29/29 MP: 3/3
  1567 | D:2      | Reached skill level 7 in Bows
  2299 | D:2      | Found a runed door.
  2303 | D:2      | Noticed Crazy Yiuf
  2319 | D:2      | Killed Crazy Yiuf
  2319 | D:2      | Reached XP level 4. HP: 36/36 MP: 4/4
  2381 | D:3      | Found a blossoming altar of Fedhas.
  2450 | D:3      | Found a hazy altar of Hepliaklqana.
  2491 | D:3      | Reached skill level 8 in Bows
  2507 | D:3      | Reached XP level 5. HP: 27/41 MP: 5/5
  2683 | D:3      | Became a worshipper of Hepliaklqana the Forgotten
  3725 | D:3      | Reached skill level 9 in Bows
  4239 | D:4      | Reached * piety under Hepliaklqana
  4459 | D:4      | Noticed a hungry ghost
  4463 | D:4      | Reached XP level 6. HP: 39/43 MP: 6/6
  4471 | D:4      | Killed a hungry ghost
  4471 | D:4      | Reached skill level 10 in Bows
  4519 | D:4      | Found a snail-covered altar of Cheibriados.
  4585 | D:4      | Reached XP level 7. HP: 43/49 MP: 7/7
  4847 | D:4      | Reached skill level 11 in Bows
  5176 | D:5      | Entered Level 5 of the Dungeon
  5413 | D:5      | Reached skill level 12 in Bows
  5798 | D:5      | Reached XP level 8. HP: 54/54 MP: 8/8
  6062 | D:5      | Reached skill level 13 in Bows
  6330 | D:5      | Found a glowing golden altar of the Shining One.
  6330 | D:5      | Found a bloodstained altar of Trog.
  6348 | D:5      | Reached ** piety under Hepliaklqana
  6733 | D:6      | Reached skill level 14 in Bows
  6887 | D:6      | Found a deep blue altar of Sif Muna.
  7120 | D:6      | Remembered your ancestor Froggit as a knight
  7254 | D:6      | Found a stormy altar of Qazlal.
  7313 | D:6      | Learned a level 2 spell: Blink
  7570 | D:6      | Reached skill level 15 in Bows
  7829 | D:7      | Noticed Pikel
  7843 | D:7      | Killed Pikel
  7843 | D:7      | Reached XP level 9. HP: 43/63 MP: 9/9
  8193 | D:7      | Reached *** piety under Hepliaklqana
  8239 | D:7      | Found a staircase to the Ecumenical Temple.
  8301 | D:7      | Found a runed door.
  8303 | D:7      | Found a runed gate.
  8312 | D:7      | Found a runed gate.
  8312 | D:7      | Found a runed gate.
  8323 | D:7      | Found a runed door.
  8499 | D:7      | Reached skill level 5 in Fighting
  8800 | D:7      | HP: 2/67 [killer bee (6)]
  8801 | D:7      | Slain by a killer bee

Skill      XL: |  1  2  3  4  5  6  7  8  9 |
---------------+----------------------------+-----
Bows           | 6 7 8 9 10 12 15 | 15.0
Fighting       | 3 5 |  5.8
Translocations | 2 4 |  4.9
Dodging        | |  1.3
Stealth        | |  0.4

Action                   |  1- 3 |  4- 6 |  7- 9 || total
-------------------------+-------+-------+-------++-------
Melee: Spear             |   137 |    14 |       ||   151
       Short sword       |     6 |     3 |       ||     9
       Kick              |    18 |    10 |    30 ||    58
       Whip              |    16 |    48 |    38 ||   102
       Trident           |       |    32 |   189 ||   221
 Fire: Shortbow          |     8 |    44 |   207 ||   259
Invok: Ancestor Identity |       |     1 |       ||     1
       Ancestor Life: Kn |       |       |     1 ||     1
  Use: Potion            |     1 |       |     3 ||     4
       Scroll            |       |     8 |     2 ||    10
 Stab: Distracted        |       |       |     2 ||     2
  Eat: Chunk             |     3 |     6 |     9 ||    18
       Pizza             |       |     1 |     1 ||     2
Armor: Leather armour    |    13 |       |       ||    13
       Ring mail         |    25 |       |       ||    25
       Plate armour      |       |    55 |   196 ||   251
Dodge: Dodged            |    42 |     5 |    20 ||    67
